 Dungeon Crawl Stone Soup version 0.28.0-53-g5a82cb258f (webtiles) character file.

Game seed: 5135125160408881434

2513 Peloso the Protected (level 9, -6/79 HPs)
             Began as a Minotaur Fighter on June 20, 2022.
             Mangled by an orc warrior
             ... wielding a +0 glaive
              (28 damage)
             ... in a bailey.
             The game lasted 00:14:58 (9286 turns).

Peloso the Protected (Minotaur Fighter)             Turns: 9286, Time: 00:14:58

Health: -6/79      AC: 19    Str: 23    XL:     9   Next: 29%
Magic:  8/8        EV:  7    Int:  5    God:
Gold:   359        SH:  5    Dex: 12    Spells: 8/8 levels left

rFire   . . .      SeeInvis .   a - +4 long sword
rCold   . . .      Faith    .   c - +0 buckler
rNeg    . . .      Spirit   .   m - +0 plate armour
rPois   .          Reflect  .   (helmet restricted)
rElec   .          Harm     .   (no cloak)
rCorr   .          Rampage  .   (no gloves)
Will    .....                   r - +0 pair of boots
Stlth   ..........              (no amulet)
HPRegen 0.23/turn               k - ring of flight
MPRegen 0.11/turn               w - +4 ring of protection

@: flying
A: horns 2, retaliatory headbutt
a: no special abilities


You were in a bailey.
You visited 2 branches of the dungeon, and saw 9 of its levels.
You also visited: Bailey.

You collected 424 gold pieces.
You spent 65 gold pieces at shops.

Inventory:

Hand Weapons
 a - a +4 long sword (weapon)
Missiles
 j - a throwing net (quivered)
Armour
 b - a +0 scale mail
 c - a +0 buckler (worn)
 m - a +0 plate armour (worn)
 r - a +0 pair of boots (worn)
Jewellery
 k - a ring of flight (left hand)
 w - a +4 ring of protection (right hand)
Wands
 l - a wand of iceblast (9)
 n - a wand of polymorph (6)
Scrolls
 i - a scroll of summoning
 o - 2 scrolls of teleportation
 p - 4 scrolls of noise
 u - 2 scrolls of identify {unknown}
Potions
 d - a potion of might
 e - a potion of ambrosia {unknown}
 f - a potion of degeneration {unknown}
 g - 2 potions of mutation {unknown}
 h - a potion of lignification {unknown}
 q - a potion of attraction {unknown}
 t - a potion of resistance {unknown}
 v - 3 potions of haste {unknown}


   Skills:
 + Level 7.3 Fighting
 + Level 9.0 Long Blades
 + Level 9.4 Armour
 + Level 2.9 Dodging
 + Level 1.1 Stealth
 + Level 5.8 Shields


You had 8 spell levels left.
You didn't know any spells.
Your spell library contained the following spells:

 Spells                   Type           Power      Damage    Failure   Level
 Conjure Flame            Conj/Fire      0%         6-21      100%        3
 Dazzling Flash           Conj/Hex       0%         N/A       100%        3
 Gell's Gravitas          Tloc           0%         N/A       100%        3
 Ozocubu's Armour         Ice            0%         N/A       100%        3
 Summon Guardian Golem    Hex/Summ       0%         N/A       100%        3
 Teleport Other           Tloc           0%         N/A       100%        3
 Petrify                  Tmut/Erth      0%         N/A       100%        4
 Agony                    Necr           0%         N/A       100%        5
 Alistair's Intoxication  Tmut/Pois      0%         N/A       100%        5
 Irradiate                Conj/Tmut      0%         3d13      100%        5
 Iskenderun's Battlesphe  Conj           0%         2d6       100%        5
 Metabolic Englaciation   Hex/Ice        0%         N/A       100%        5
 Silence                  Hex/Air        0%         N/A       100%        5
 Dispersal                Tloc           0%         N/A       100%        6
 Iron Shot                Conj/Erth      0%         9d1       100%        6
 Simulacrum               Ice/Necr       0%         N/A       100%        6
 Orb of Destruction       Conj           0%         9d5       100%        7
 Spellforged Servitor     Conj/Summ      0%         N/A       100%        7


Dungeon Overview and Level Annotations

Branches:
Dungeon (8/15)             Temple (1/1) D:6            Lair (0/6) D:8
 Bailey (1/1)

Altars:
Ashenzari
Cheibriados
Dithmenos
Elyvilon
Fedhas
Gozag
Hepliaklqana
Kikubaaqudgha
Makhleb
Nemelex Xobeh
Qazlal
Ru
Trog
Uskayaw
Vehumet
Xom
Yredelemnul
Zin
The Shining One

Shops:
D:1 !   D:4 (


Innate Abilities, Weirdness & Mutations

You have a pair of horns on your head.
You reflexively headbutt those who attack you in melee.


Message History

You hear a shout!
The orc warrior no longer looks unusually strong.
The orc knight roars a battlecry!
The orc warrior goes into a battle-frenzy!
The orc warrior no longer looks unusually strong.
The orc knight roars a battlecry!
The orc warrior goes into a battle-frenzy!
The orc warrior no longer looks unusually strong.
The orc knight roars a battlecry!
The orc warrior goes into a battle-frenzy!
The orc warrior no longer looks unusually strong.
The orc knight roars a battlecry!
The orc warrior goes into a battle-frenzy!
The orc warrior no longer looks unusually strong.
The orc warrior hits you from afar with a +0 glaive!
The orc warrior no longer looks unusually strong.
The orc warrior barely misses you.
The orc knight roars a battlecry!
The orc warriors go into a battle-frenzy!
The orc warrior hits you from afar with a +0 glaive.
The orc warrior no longer looks unusually strong.
The orc warrior hits you from afar with a +0 glaive.
You block the orc warrior's attack.
The orc knight roars a battlecry!
The orc warrior goes into a battle-frenzy!
The orc warrior hits you from afar with a +0 glaive!
The orc warrior hits you from afar with a +0 glaive!!
The orc warrior hits you with a +0 glaive.
* * * LOW HITPOINT WARNING * * *
Unknown command.
You hit the orc warrior.
The orc warrior is lightly wounded.
You block the orc warrior's attack.
You hit the orc warrior.
The orc warrior is moderately wounded.
You block the orc warrior's attack.
You slash the orc warrior!
The orc warrior is severely wounded.
The orc warrior hits you with a +0 glaive!!
You die...

#≈≈................♣♣
#≈≈≈....#....#......♣♣
#≈≈≈≈≈≈≈#....#≈≈≈≈oo.♣
#≈≈≈≈≈≈≈#....#≈≈≈≈≈≈o♣
#≈≈≈≈≈≈≈#....#≈≈≈≈≈≈≈♣♣#
#♣♣≈≈≈≈≈#....#≈≈≈≈≈≈≈≈≈#
♣♣♣♣o..#....#...≈≈≈≈≈≈#
#♣....♣.)....o.....≈≈≈≈#
#.............@.....≈≈≈#
#..####.....)..####..≈≈#
##.# ####)'#### #♣♣♣♣#
### ........ ..8....8o..
.## #####.. .


You could see an orc knight and 3 orc warriors.

Vanquished Creatures
  2 water moccasins
  3 orc warriors
  A black bear (D:6)
  An ice beast (D:5)
  A sky beast (D:5)
  A necrophage (D:6)
  A centaur (D:7)
  2 ogres
  A phantom (D:5)
  Blork the orc (D:4)
  A scorpion (D:5)
  A wyvern zombie (D:8)
  A water moccasin skeleton (D:3)
  8 wights
  2 hounds
  2 centaur zombies (D:7)
  2 jellies
  4 orc priests
  A bullfrog skeleton (D:7)
  A centaur skeleton (D:7)
  A gnoll shaman (D:5)
  An iguana (D:5)
  An orc wizard (D:5)
  A killer bee zombie (D:7)
  A hound skeleton (D:4)
  2 howler monkey zombies
  4 adders
  13 gnolls
  2 shadow imps
  A white imp (D:5)
  3 ufetubi
  2 adder skeletons (D:4)
  3 worms (D:3)
  3 dart slugs (D:1)
  15 orcs
  4 bats
  6 endoplasms
  6 giant cockroaches
  9 goblins
  3 hobgoblins
  2 quokkas
  4 ball pythons
  3 frilled lizards
  3 kobolds (D:2)
  2 rats (D:2)
132 creatures vanquished.

Notes
Turn   | Place    | Note
-------+----------+-------------------------------------------
     0 | D:1      | Peloso the Minotaur Fighter began the quest for the Orb.
     0 | D:1      | Reached XP level 1. HP: 19/19 MP: 0/0
   169 | D:1      | Reached XP level 2. HP: 27/27 MP: 1/1
   556 | D:1      | Found Inoastyc's Distillery.
   565 | D:1      | Bought a potion of heal wounds for 65 gold pieces
   680 | D:2      | Found a faded altar of an unknown god.
   700 | D:2      | Reached XP level 3. HP: 32/33 MP: 2/2
  1551 | D:3      | Reached XP level 4. HP: 38/40 MP: 3/3
  2214 | D:3      | Reached XP level 5. HP: 30/47 MP: 4/4
  2849 | D:4      | Reached skill level 5 in Armour
  2854 | D:4      | Reached skill level 1 in Dodging
  3038 | D:4      | Found Zawut's Weapon Shoppe.
  3199 | D:4      | Found a white marble altar of Elyvilon.
  3222 | D:4      | Reached XP level 6. HP: 55/55 MP: 5/5
  3718 | D:5      | Entered Level 5 of the Dungeon
  3718 | D:5      | Noticed Blork the orc
  3718 | D:5      | Found a blossoming altar of Fedhas.
  3718 | D:5      | Found a hide-covered altar of Uskayaw.
  3745 | D:3      | Found a basalt altar of Yredelemnul.
  4024 | D:4      | Killed Blork the orc
  4270 | D:4      | Reached skill level 5 in Fighting
  4373 | D:5      | Reached skill level 5 in Long Blades
  4639 | D:5      | Reached XP level 7. HP: 50/61 MP: 6/6
  5104 | D:5      | Found an ancient bone altar of Kikubaaqudgha.
  5162 | D:5      | HP: 2/62 [gnoll/+0 flail (2)]
  6025 | D:6      | Reached XP level 8. HP: 67/70 MP: 7/7
  6069 | D:6      | Reached skill level 1 in Stealth
  6308 | D:5      | Reached skill level 5 in Shields
  6835 | D:6      | Found a staircase to the Ecumenical Temple.
  6846 | Temple   | Entered the Ecumenical Temple
  7473 | D:6      | Found a snail-covered altar of Cheibriados.
  7824 | D:7      | Found a glowing golden altar of the Shining One.
  7837 | D:7      | Found a broken altar of Ashenzari.
  7885 | D:7      | Found a shadowy altar of Dithmenos.
  7930 | D:7      | Got Sif Muna's Incunabulum of Shape Shifting and the
                  | Arsonist
  8004 | D:7      | Reached XP level 9. HP: 32/76 MP: 8/8
  8910 | D:8      | Found a flagged portal.
  8914 | D:8      | Found a staircase to the Lair.
  8930 | Bailey   | Entered a bailey
  9019 | Bailey   | Noticed an orc knight
  9286 | Bailey   | Mangled by an orc warrior

Illustrated notes

Levels and vault maps discovered:
D:1:      grunt_arrival_crossed_arrows, layout_basic, serial_shops, shop
D:2:      layout_rooms, nicolae_ecumenical_oubliette,
          nicolae_figureground_sparkle
D:3:      layout_basic, nicolae_overflow_hidden_temple, serial_rivers,
          chequers_serial_rivers_room_a, chequers_serial_rivers_small_b,
          chequers_serial_rivers_micro_b, chequers_serial_rivers_micro_b,
          chequers_serial_rivers_small_3, chequers_serial_rivers_room_b
D:4:      layout_gridville, mainiacjoe_overflow_paths, serial_shops,
          nicolae_shop_bloodbath_and_beyond
D:5:      layout_gridville, marbit_many_paths,
          nicolae_uskayaw_murder_on_the_dancefloor, overflow_temple_1_default,
          uniq_blork_the_orc
D:6:      layout_cave_pools, kennysheep_mini, minmay_temple_entry_overgrown
D:7:      layout_basic, nicolae_dithmenos_through_a_glass_darkly, minitemple
D:8:      minmay_weird_star, layout_rooms, mainiacjoe_overflow_boulevard,
          nicolae_wu_jian_immortal_techniques,
          mainiacjoe_overflow_cross_hatched, enter_bailey_2, kennysheep_diamond,
          uniq_maurice
Temple:   cyrus_temple_forest
Bailey:   bailey_polearm_elven_captive_hellmonk, bailey

Skill      XL: |  1  2  3  4  5  6  7  8  9 |
---------------+----------------------------+-----
Armour         | 4 5 6 7 9 |  9.4
Fighting       | 4 5 6 7 |  7.3
Shields        | 4 5 |  5.8
Long Blades    | 3 4 5 6 8 9 |  9.0
Dodging        | 1 2 |  2.9
Stealth        | 1 |  1.1

Action                   |  1- 3 |  4- 6 |  7- 9 || total
-------------------------+-------+-------+-------++-------
Melee: Long sword        |    75 |   126 |   232 ||   433
       Headbutt          |     7 |    25 |    47 ||    79
  Use: Scroll            |       |     3 |     5 ||     8
       Potion            |       |       |     1 ||     1
Armor: Scale mail        |    18 |       |       ||    18
       Chain mail        |    17 |    92 |    49 ||   158
       Plate armour      |       |       |   100 ||   100
Dodge: Dodged            |    20 |    58 |    93 ||   171
Block: Buckler           |    17 |    32 |    76 ||   125
